 Dungeon Crawl Stone Soup version 0.20-b1-2-gc5a9893 (webtiles) character file.

74 Hook the Stinger (level 4, -4/27 HPs)
             Began as an Octopode Venom Mage on May 22, 2017.
             Slain by a goblin
             ... wielding a +0 dagger
             ... led by Robin
              (5 damage)
             ... on level 1 of the Dungeon.
             The game lasted 00:19:16 (2102 turns).

Hook the Stinger (Octopode Venom Mage)              Turns: 2102, Time: 00:19:16

Health: -4/27      AC:  1    Str:  7    XL:     4   Next: 30%
Magic:  6/8        EV: 13    Int: 18    God:
Gold:   35         SH:  0    Dex: 12    Spells: 2/8 levels left

rFire    . . .     SeeInvis .   (no weapon)
rCold    . . .     Gourm    .   (no shield)
rNeg     . . .     Faith    .   (helmet restricted)
rPois    .         Spirit   .   (no amulet)
rElec    .         Reflect  .   (no ring)
rCorr    .         Harm     .   (no ring)
MR       .....                  (no ring)
Stlth    +++.......             (no ring)
Regen    0.1/turn               (no ring)
MPRegen  0.2/turn               (no ring)
                                (no ring)
                                (no ring)

@: no status effects
A: almost no armour, stealthy swim, amphibious, 8 rings, constrict 8, camouflage
1, gelatinous body 1
a: no special abilities


You were on level 1 of the Dungeon.
You were not hungry.

You visited 1 branch of the dungeon, and saw 2 of its levels.

You collected 35 gold pieces.

Inventory:

Missiles
 c - 112 stones (quivered)
Jewellery
 k - an uncursed ring of flight {unknown}
Scrolls
 b - 5 scrolls of remove curse {unknown}
 h - a scroll of immolation {unknown}
 l - a scroll of magic mapping {unknown}
 m - a scroll of recharging {unknown}
 n - a scroll of noise {unknown}
 o - a scroll of identify {unknown}
Potions
 e - a potion of might {unknown}
 g - a potion of curing {unknown}
 i - a potion of resistance {unknown}
 j - 2 potions of agility {unknown}
Books
 a - a Young Poisoner's Handbook

   Spells                             Type                      Level
   a - Sting                          Conjuration/Poison           1
   b - Poisonous Vapours              Poison/Air                   2
   c - Mephitic Cloud                 Conjuration/Poison/Air       3
   d - Olgreb's Toxic Radiance        Poison                       4
   e - Venom Bolt                     Conjuration/Poison           5
Comestibles
 d - a royal jelly
 f - a meat ration
 q - a fruit
 r - a bread ration


   Skills:
 + Level 2.2 Dodging
 + Level 3.1 Stealth
 + Level 0.4 Unarmed Combat
 * Level 2.9 Spellcasting
 + Level 1.4 Conjurations
 + Level 0.2 Air Magic
 + Level 4.5 Poison Magic


You had 2 spell levels left.
You knew the following spells:

 Your Spells              Type           Power        Failure   Level  Hunger
a - Sting                 Conj/Pois      ##..         4%          1    None
b - Poisonous Vapours     Pois/Air       ##....       10%         2    ##.....
c - Mephitic Cloud        Conj/Pois/Air  ##......     22%         3    ###....


Dungeon Overview and Level Annotations

Branches:
Dungeon (2/15)

Altars:

Annotations:
D:2 Robin


Innate Abilities, Weirdness & Mutations

You cannot wear most types of armour.
You are very stealthy in the water. (Stealth+)
You are amphibious.
You can wear up to eight rings at the same time.
You can use your tentacles to constrict eight enemies at once.
Your skin changes colour to match your surroundings (Stealth+).
Your rubbery body absorbs attacks. (AC +1, EV +1)


Message History

Confirm with . or Enter, or press ? or * to list all spells.
Aiming: Sting
Press: ? - help, Shift-Dir - straight line, f - hobgoblin, p - hobgoblin
Aim: a hobgoblin The sting hits the hobgoblin.
The hobgoblin is moderately wounded.
You kill the hobgoblin!
The hobgoblin completely misses you. The goblin hits you with a dagger.
* * * LOW HITPOINT WARNING * * *
You barely miss the hobgoblin. You grab the hobgoblin.
The hobgoblin is moderately wounded.
You constrict the hobgoblin. The hobgoblin hits you.
* * * LOW HITPOINT WARNING * * *
The goblin hits you with a dagger.
* * * LOW HITPOINT WARNING * * *
You tentacle-slap the hobgoblin but do no damage.
The hobgoblin is heavily wounded.
You constrict the hobgoblin. The hobgoblin closely misses you.
The goblin hits you with a dagger.
You die...

.....+...+.....#.#.##............
..#.##...#.....#.#...............
.....+...+.......#.##..#.##.#.#..
..####...#.......................
..# #...#......>......#.##.#.##.
..# #...#...###†#..##.#.##.#.##.
..####...#...###.#..##.#.#..#.##.
.[..........###g)g..##.#.#..#.##.
..#########.#.#.@)..##.#.#..#....
.................................
......#####.................#.###
..###+#####.................#.###
.##.......#................).....
..+........................##.###
#..................###.#.#.##.###
#.###'######..#.#........#.##....
#.###.###.......#..###.#.#.##.##.


You could see a hobgoblin and a goblin.

Vanquished Creatures
  A gnoll (D:1)
  An adder (D:2)
  A leopard gecko (D:2)
  A ball python (D:1)
  3 bats (D:1)
  6 giant cockroaches (D:1)
  10 goblins
  10 hobgoblins
  5 kobolds
  4 frilled lizards
  6 rats
48 creatures vanquished.

Notes
Turn   | Place    | Note
-------+----------+-------------------------------------------
     0 | D:1      | Hook the Octopode Venom Mage began the quest for the Orb.
     0 | D:1      | Reached XP level 1. HP: 11/11 MP: 3/3
   167 | D:1      | Reached XP level 2. HP: 17/17 MP: 0/5
   180 | D:1      | Reached skill level 4 in Poison Magic
   299 | D:1      | Learned a level 2 spell: Poisonous Vapours
   760 | D:1      | Reached XP level 3. HP: 21/21 MP: 4/6
  1327 | D:1      | HP: 1/21 [gnoll/spear (5)]
  1848 | D:2      | Learned a level 3 spell: Mephitic Cloud
  1854 | D:2      | Reached XP level 4. HP: 27/27 MP: 4/8
  1979 | D:2      | Noticed Robin
  2101 | D:1      | HP: 1/27 [goblin/dagger[Robin] (2)]
  2102 | D:1      | Slain by a goblin

Skill      XL: |  1  2 |
---------------+-------+-----
Stealth        | 3 |  3.1
Poison Magic   | 4 |  4.5
Dodging        | |  2.2
Unarmed Combat | |  0.4
Spellcasting   | |  2.9
Conjurations   | |  1.4
Air Magic      | |  0.2

Action                   |  1- 3 |  4- 6 || total
-------------------------+-------+-------++-------
Melee: Unarmed           |    30 |    14 ||    44
       Constrict         |    11 |     4 ||    15
       Tentacles         |     8 |     1 ||     9
Throw: Stone             |     2 |       ||     2
 Cast: Sting             |    50 |    11 ||    61
       Poisonous Vapours |     5 |       ||     5
       Mephitic Cloud    |       |     2 ||     2
  Eat: Bread ration      |     1 |       ||     1
Armor: Skin              |     6 |       ||     6
Dodge: Dodged            |    28 |    24 ||    52
